 Dungeon Crawl Stone Soup version 0.23.2 (webtiles) character file.

Game seed: 2843759868507221362

2 snowfan the Magician (level 1, -3/13 HPs)
             Began as a Mummy Fire Elementalist on Apr 1, 2019.
             Slain by a gnoll
             ... wielding a +0 spear
              (7 damage)
             ... on level 1 of the Dungeon.
             The game lasted 00:00:34 (257 turns).

snowfan the Magician (Mummy Fire Elementalist)       Turns: 257, Time: 00:00:35

Health: -3/13      AC:  2    Str: 11    XL:     1   Next: 33%
Magic:  0/4        EV: 12    Int: 14    God:
Gold:   12         SH:  0    Dex: 12    Spells: 4/5 levels left

rFire    x . .     SeeInvis .   (no weapon)
rCold    + . .     Gourm    .   (no shield)
rNeg     + + +     Faith    .   a - +0 robe
rPois    ∞         Spirit   .   (no helmet)
rElec    .         Reflect  .   (no cloak)
rCorr    .         Harm     .   (no gloves)
MR       .....                  (no boots)
Stlth    ++........             (no amulet)
HPRegen  0.04/turn              (no ring)
MPRegen  0.09/turn              (no ring)

@: no status effects
A: no food or potions, fire vulnerability, cold resistance 1, negative energy
resistance 3, torment resistance, unbreathing
a: no special abilities


You were on level 1 of the Dungeon.
You were not hungry.

You visited 1 branch of the dungeon, and saw 1 of its levels.

You collected 12 gold pieces.

Inventory:

Armour
 a - a +0 robe (worn)


   Skills:
 - Level 1.5 Dodging
 - Level 1.5 Stealth
 - Level 2.6 Spellcasting
 + Level 1.0 Conjurations
 + Level 2.5 Fire Magic


You had 4 spell levels left.
You knew the following spells:

 Your Spells              Type           Power        Failure   Level  Hunger
a - Flame Tongue          Conj/Fire      #....        11%         1    N/A

Your spell library contained the following spells:

 Spells                   Type           Power        Failure   Level  Hunger
 Throw Flame              Conj/Fire      #.....       16%         2    N/A
 Conjure Flame            Conj/Fire      #.......     32%         3    N/A
 Inner Flame              Hex/Fire       #.......     36%         3    N/A
 Sticky Flame             Conj/Fire      #.......     71%         4    N/A
 Fireball                 Conj/Fire      #.........   96%         5    N/A

Dungeon Overview and Level Annotations

Branches:
Dungeon (1/15)

Altars:


Innate Abilities, Weirdness & Mutations

You do not eat or drink.
Your flesh is vulnerable to fire.
You are immune to poison.
Your flesh is cold resistant. (rC+)
You are immune to negative energy. (rN+++)
You are immune to unholy pain and torment.
You can survive without breathing.


Message History

The flame tongue hits the gnoll.
The gnoll is severely wounded.
The gnoll barely misses you.
Casting: Flame Tongue (safe; 11% risk of failure)
Confirm with . or Enter, or press ? or * to list all spells.
You don't have enough magic to cast that spell.
Casting: Flame Tongue (safe; 11% risk of failure)
Confirm with . or Enter, or press ? or * to list all spells.
You can't see any susceptible monsters within range! (Use Z to cast anyway.) Unknown command.
Casting: Flame Tongue (safe; 11% risk of failure)
Confirm with . or Enter, or press ? or * to list all spells.
Aiming: Flame Tongue (safe; 11% risk of failure)
Press: ? - help, Shift-Dir - straight line, f/p - gnoll
Aim: a gnoll, wielding a +0 spear (heavily wounded)
The flame tongue hits the gnoll.
The gnoll is almost dead.
The gnoll hits you from afar with a +0 spear!
Ouch! That really hurt!
You die...

#.#####.# #....#..# P##. ###
########....#..#.##PPP ####..
...............#.##P≈≈ ...#.#
#########....#..#...≈P≈# ...#.#
#....#......##..#.# #≈
...#.#####.##.#.......#..#.# #P
.....).....#..g.#%.#..#..#.### #≈
.....#####.#....@..#..#..#...# #.
.......................>..†..###.
#..........#..#....#####.#.......
##.#.....................##.#####
.............##########....#
##.#..........# ######
#.#..........# #.#.###.###### #.


You could see a gnoll.

Vanquished Creatures
  A giant cockroach (D:1)
  A kobold (D:1)
  A rat (D:1)
3 creatures vanquished.

Notes
Turn   | Place    | Note
-------+----------+-------------------------------------------
     0 | D:1      | snowfan the Mummy Fire Elementalist began the quest for the
                  | Orb.
     0 | D:1      | Reached XP level 1. HP: 13/13 MP: 4/4
   243 | D:1      | Reached skill level 1 in Conjurations
   257 | D:1      | Slain by a gnoll

Skill      XL: |  1 |
---------------+----+-----
Conjurations   | 1 |  1.0
Dodging        | |  1.5
Stealth        | |  1.5
Spellcasting   | |  2.6
Fire Magic     | |  2.5

Action                   || total
-------------------------++-------
 Cast: Flame Tongue      ||     8
Armor: Robe              ||     1
Dodge: Dodged            ||     6
